[Event "Chinese League Division-A 2024"]
[Site "Fuling Chongqing"]
[Date "2024.06.28"]
[Round "3.9"]
[White "Zhang, Lanlin"]
[Black "Zhang, Xiao"]
[Result "1-0"]
[ECO "B12"]
[WhiteElo "2161"]
[BlackElo "2193"]
[Annotator "RC"]
[PlyCount "101"]
[EventDate "2024.06.28"]
[EventType "team-tourn"]
[EventCountry "CHN"]
[SourceTitle "playchess.com"]
[Source "ChessBase"]
[SourceQuality "1"]
[TimeControl "40/5400+30:1800+30"]

1. e4 c6 2. d4 d5 3. e5 c5 4. dxc5 e6 5. Bd3 Nd7 6. Nf3 Bxc5 7. O-O Ne7 8. Re1 Ng6 9. c3 O-O 10. b4 Be7 11. Qe2 a5 12. Bd2 axb4 13. Bxg6 hxg6 14. cxb4 Nb6 15. Bc3 Bd7 16. a3 Qc7 17. Bd4 Na4 18. Nbd2 Rfc8 19. h4 Qd8 20. g3 Nc3 21. Qd3 Nb5 22. Bb2 Ra4 23. Nd4 Qb6 24. N2f3 Rc4 25. Kg2 Nxd4 26. Bxd4 Qb5 27. Qe3 Rc2 28. Rec1 Rxc1 29. Rxc1 Ra8 30. Bc5 Bxc5 31. Rxc5 Qa4 32. Rc3 Rc8 33. Nd4 Rc4 34. Rd3 Qa7 35. Qd2 Qb8 36. Qg5 Qc8 37. g4 Rc3 38. Rxc3 Qxc3 39. Qd8+ Kh7 40. Nf3 Qc8 41. Ng5+ Kh6 42. Nxf7+ Kh7 43. Qxc8 Bxc8 44. Nd6 Bd7 45. Nxb7 d4 46. Nc5 Bc6+ 47. Kf1 g5 48. hxg5 Kg6 49. f4 Bf3 50. b5 Bxg4 51. Kf2 1-0

[Event "Chinese League Division-A 2024"]
[Site "Fuling Chongqing"]
[Date "2024.06.28"]
[Round "3.10"]
[White "Hu, Yu A."]
[Black "Qiu, Mengjie"]
[Result "0-1"]
[ECO "D63"]
[WhiteElo "2127"]
[BlackElo "2176"]
[Annotator "RC"]
[PlyCount "80"]
[EventDate "2024.06.28"]
[EventType "team-tourn"]
[EventCountry "CHN"]
[SourceTitle "playchess.com"]
[Source "ChessBase"]
[SourceQuality "1"]
[TimeControl "40/5400+30:1800+30"]

1. d4 d5 2. c4 e6 3. Nf3 Nf6 4. Nc3 Be7 5. Bg5 O-O 6. e3 Nbd7 7. Rc1 h6 8. Bh4 b6 9. cxd5 exd5 10. Ne5 Bb7 11. Bg3 c5 12. Bd3 Ne4 13. Bxe4 dxe4 14. Qa4 Nxe5 15. dxe5 Qe8 16. Qc4 Qc6 17. O-O a6 18. a4 Rad8 19. Rfd1 Rd3 20. Rxd3 exd3 21. e4 Rd8 22. Nd5 Rxd5 23. exd5 Qxd5 24. Qxd5 Bxd5 25. Bf4 Bb3 26. Bd2 Bxa4 27. Ra1 Bb5 28. f4 a5 29. Be3 f6 30. Kf2 Kf7 31. Bd2 fxe5 32. fxe5 Ke6 33. Bc3 Bg5 34. g3 h5 35. h4 Bh6 36. Rg1 d2 37. Kf3 Ba4 38. Ke2 d1=Q+ 39. Rxd1 Bxd1+ 40. Kxd1 g6 0-1

[Event "Chinese League Division-A 2024"]
[Site "Fuling Chongqing"]
[Date "2024.06.28"]
[Round "3.11"]
[White "Xu, Yinglun"]
[Black "Wang, Yue"]
[Result "1/2-1/2"]
[ECO "E17"]
[WhiteElo "2526"]
[BlackElo "2652"]
[Annotator "TA"]
[PlyCount "60"]
[EventDate "2024.06.28"]
[EventType "team-tourn"]
[EventCountry "CHN"]
[SourceTitle "playchess.com"]
[Source "ChessBase"]
[SourceQuality "1"]
[TimeControl "40/5400+30:1800+30"]

1. c4 Nf6 2. Nf3 e6 3. b3 b6 4. g3 Bb7 5. Bg2 Be7 6. Bb2 c5 7. O-O O-O 8. Nc3 d5 9. cxd5 Nxd5 10. d4 Nxc3 11. Bxc3 {[%emt 0:00:06] The position is equal.} cxd4 12. Qxd4 Qxd4 13. Nxd4 Bxg2 14. Kxg2 Rc8 15. Rac1 Nc6 16. Nxc6 Rxc6 17. Bb2 Rac8 18. Rxc6 Rxc6 19. Rc1 {[%emt 0:00:04] Dodges Rc2} Rxc1 20. Bxc1 $11 {[%emt 0:00:05][%mdl 4096] Endgame. KB-KB} Kf8 21. Kf3 Ke8 22. Ke4 Kd7 23. g4 g6 24. Kd3 b5 25. e4 a6 26. h3 Kc6 27. f3 Bf6 28. Be3 Be7 29. Bc1 Bf6 30. Be3 Be7 {[%emt 0:00:04] A rather calm draw.   Weighted Error Value: White=0.01 (flawless) /Black=0.01 (flawless) .  OK:         	White=6     	Black=10} 1/2-1/2

[Event "Chinese League Division-A 2024"]
[Site "Fuling Chongqing"]
[Date "2024.06.28"]
[Round "3.12"]
[White "Dai, Changren"]
[Black "Xie, Kaifan"]
[Result "1-0"]
[ECO "B11"]
[WhiteElo "2502"]
[BlackElo "2376"]
[Annotator "TA"]
[PlyCount "67"]
[EventDate "2024.06.28"]
[EventType "team-tourn"]
[EventCountry "CHN"]
[SourceTitle "playchess.com"]
[Source "ChessBase"]
[SourceQuality "1"]
[TimeControl "40/5400+30:1800+30"]

1. e4 c6 2. Nf3 d5 3. Nc3 Bg4 4. h3 Bxf3 5. Qxf3 e6 6. Be2 Bc5 7. Qg3 Bd4 8. d3 Ne7 {[%emt 0:04:02] The position is equal.} 9. Bd1 Nd7 10. Ne2 Bf6 11. O-O Qb6 12. c3 O-O 13. Rb1 Qa6 14. f4 e5 15. d4 exf4 (15... exd4 $1 $15 16. e5 Nf5) 16. Nxf4 (16. Qg4 $1 $16 ) 16... dxe4 (16... Qxa2 $11 17. Qd3 dxe4 18. Qxe4 Rfe8) 17. Bg4 $16 Rfd8 (17... Qxa2 $2 18. Bxd7 Ng6 (18... Qxb1 $2 19. Nh5 $18) 19. Be3 $18) 18. Nh5 $36 {[%emt 0:05:55][%mdl 2048] Bxd7 would now be deadly. White has strong initiative.} Ng6 19. Bxd7 Rxd7 {[%emt 0:01:10] [#]} 20. Bh6 c5 $2 {[%emt 0:04:17] [#]} (20... Bh4 $11 {and Black has nothing to worry.} 21. Qg4 f5 22. Qxf5 (22. Rxf5 gxh6 23. g3 Qxa2 $15) 22... Re7 23. Bxg7 e3) 21. Rxf6 $1 $18 gxf6 22. Rf1 ({Worse is} 22. dxc5 Rd5 23. Qg4 Rxc5 $11) 22... Rd6 23. dxc5 Re6 24. Qf2 Rc8 25. Nxf6+ $2 ({White should play} 25. b4 $18) 25... Rxf6 $14 26. Qxf6 Qxf6 27. Rxf6 {[%emt 0:00:07] b4 is the strong threat.} Rxc5 $18 {[%emt 0:00:13][%mdl 4096] Endgame. KRB-KRN} 28. Rd6 {[%emt 0:00:08] White is more active.} Rc8 {[%emt 0:01:16] Prevents Rd8+} (28... f5 $14) 29. Rd7 Rb8 30. b3 Nf8 31. Re7 Ne6 (31... a6 $142 32. Rxe4 Rd8 33. Rg4+ Ng6) 32. Kf2 a5 33. Ke3 Nc5 34. Re5 {[%emt 0:00:26] Weighted Error Value: White=0.25 (precise) /Black=0.33.  Loses game:     	---       	Black=1      Missed win:     	White=1     	---        Mistake:       	White=2     	Black=4      Inaccurate:     	White=2     	---        OK:         	White=15    	Black=11     Best:        	White=1     	Black=1} 1-0

[Event "Chinese League Division-A 2024"]
[Site "Fuling Chongqing"]
[Date "2024.06.28"]
[Round "3.13"]
[White "Wu, Yixing"]
[Black "Wang, Shixu B"]
[Result "0-1"]
[ECO "E28"]
[WhiteElo "2326"]
[BlackElo "2422"]
[Annotator "RC"]
[PlyCount "76"]
[EventDate "2024.06.28"]
[EventType "team-tourn"]
[EventCountry "CHN"]
[SourceTitle "playchess.com"]
[Source "ChessBase"]
[SourceQuality "1"]
[TimeControl "40/5400+30:1800+30"]

1. d4 Nf6 2. c4 e6 3. Nc3 Bb4 4. e3 O-O 5. a3 Bxc3+ 6. bxc3 c5 7. Ne2 Nc6 8. Ng3 d6 9. Ra2 Qa5 10. Bd2 Qc7 11. Bd3 b6 12. Nh5 Nxh5 13. Qxh5 f5 14. O-O e5 15. d5 Na5 16. e4 f4 17. Qf3 Qd7 18. Qe2 Qa4 19. Bc2 Qe8 20. f3 Ba6 21. Bd3 Qa4 22. Rb1 Rab8 23. Bc1 Bxc4 24. Bxc4 Nxc4 25. Qc2 b5 26. Kf2 Qa6 27. Bd2 Rfc8 28. Qd3 Qb6 29. a4 Qa6 30. g3 Rf8 31. Ke2 Nxd2 32. Kxd2 c4 33. Qf1 bxa4 34. Rba1 a3 35. gxf4 exf4 36. Rxa3 Rb2+ 37. Kc1 Qb6 38. Rxa7 Rb8 0-1

[Event "Chinese League Division-A 2024"]
[Site "Fuling Chongqing"]
[Date "2024.06.28"]
[Round "3.14"]
[White "Zhou, Shumeng"]
[Black "Chen, Yining"]
[Result "1/2-1/2"]
[ECO "B12"]
[WhiteElo "2173"]
[BlackElo "2300"]
[Annotator "RC"]
[PlyCount "63"]
[EventDate "2024.06.28"]
[EventType "team-tourn"]
[EventCountry "CHN"]
[SourceTitle "playchess.com"]
[Source "ChessBase"]
[SourceQuality "1"]
[TimeControl "40/5400+30:1800+30"]

1. e4 c6 2. d4 d5 3. e5 Bf5 4. h4 a6 5. a3 c5 6. dxc5 Qc7 7. Nf3 Qxc5 8. Nc3 e6 9. Nd4 Qc7 10. Bf4 Nh6 11. Be2 Bc5 12. Nb3 d4 13. Nxd4 Bxd4 14. Qxd4 Nc6 15. Qe3 Bxc2 16. Bxh6 gxh6 17. Rc1 Bb3 18. f4 O-O-O 19. O-O Rhg8 20. Bf3 Bc4 21. Rfd1 Rxd1+ 22. Nxd1 Bd5 23. Nc3 Bxf3 24. Qxf3 Kb8 25. Qf2 Ne7 26. Rc2 Qc6 27. a4 Qd7 28. Rd2 Qc7 29. Rc2 Qd7 30. Rd2 Qc7 31. Rc2 Qd7 32. Rd2 1/2-1/2

[Event "Chinese League Division-A 2024"]
[Site "Fuling Chongqing"]
[Date "2024.06.28"]
[Round "3.15"]
[White "Wang, Qinxuanyi"]
[Black "Jiang, Tianyu"]
[Result "1/2-1/2"]
[ECO "D46"]
[WhiteElo "2149"]
[BlackElo "1995"]
[Annotator "NA RC"]
[PlyCount "86"]
[EventDate "2024.06.28"]
[EventType "team-tourn"]
[EventCountry "CHN"]
[SourceTitle "playchess.com"]
[Source "ChessBase"]
[SourceQuality "1"]
[TimeControl "40/5400+30:1800+30"]

1. d4 Nf6 2. c4 e6 3. Nf3 d5 4. Nc3 c6 5. e3 Nbd7 6. Qc2 Bd6 7. Bd3 O-O 8. O-O e5 9. cxd5 cxd5 10. Nb5 Bb8 11. dxe5 Nxe5 12. Nxe5 Bxe5 13. Bd2 a6 14. Nd4 Ne4 15. Bxe4 dxe4 16. Qxe4 Re8 17. Qd3 Qd6 18. h3 Bxd4 19. exd4 Bd7 20. a4 Bc6 21. Be3 Re6 22. f3 Rae8 23. Bf2 Re2 24. b3 Bd5 25. Rac1 h6 26. Rc5 Rb2 27. Rb1 Rxb1+ 28. Qxb1 b6 29. Rc3 Qb4 30. Qc2 Be6 31. f4 Bd5 32. Rg3 Qd6 33. Qf5 Qe6 34. Qh5 Be4 35. Qe2 a5 36. Qb5 Qc6 37. Qxc6 Bxc6 38. f5 Kh7 39. Rc3 Bd5 40. Kf1 g6 41. fxg6+ Kxg6 42. Bg3 Re6 43. Bc7 Kf5 1/2-1/2

[Event "Chinese League Division-A 2024"]
[Site "Fuling Chongqing"]
[Date "2024.06.28"]
[Round "3.16"]
[White "Wang, Hao"]
[Black "Jiang, Haochen"]
[Result "1/2-1/2"]
[ECO "D35"]
[WhiteElo "2702"]
[BlackElo "2290"]
[Annotator "TA"]
[PlyCount "137"]
[EventDate "2024.06.28"]
[EventType "team-tourn"]
[EventCountry "CHN"]
[SourceTitle "playchess.com"]
[Source "ChessBase"]
[SourceQuality "1"]
[TimeControl "40/5400+30:1800+30"]

1. d4 Nf6 2. c4 e6 3. Nc3 d5 4. cxd5 exd5 5. Bg5 Be7 6. e3 h6 7. Bh4 O-O 8. Bd3 Nbd7 {[%emt 0:01:33] D35: Queen's Gambit Declined: Exchange Variation.} 9. Nge2 b6 10. O-O c5 11. Bg3 a6 $146 ({Predecessor:} 11... cxd4 12. Nxd4 Bb7 13. Ncb5 Ne8 14. Rc1 Nc5 15. Bb1 a6 16. Nc3 Rc8 17. Bf5 Ra8 {1-0 Zumrik,L (1730)-Duda,D (1245) SVK-ch U14 Liptovsky Mikulas 2019 (6)}) 12. dxc5 bxc5 13. e4 d4 14. Nb1 Bb7 15. Nd2 Nb6 16. Rc1 Rc8 17. f3 Nfd7 18. a4 a5 19. Bb5 Bg5 20. Kh1 Be3 21. Bf4 Bc6 22. b3 Bxb5 23. axb5 Qf6 24. Bxe3 dxe3 25. Nc4 Ne5 26. Nc3 (26. Nxa5 $2 Rfd8 27. Qe1 Nd3 $19) 26... Rfd8 27. Nd5 Nxd5 28. exd5 Ng6 (28... Rb8 $1 $11) 29. Nxe3 $14 (29. Nxa5 $2 {is the wrong capture.} Nf4 30. g3 e2 $19 (30... Nxd5 31. Qd3 $17) (30... Rxd5 $2 31. Qe1 $19)) 29... Nf4 30. Qd2 Ne6 31. Qxa5 Nd4 32. Qc3 Qb6 33. b4 cxb4 34. Qxb4 ({Much worse is} 34. Qxc8 Rxc8 35. Rxc8+ Kh7 $11) 34... Rxc1 35. Rxc1 Nxb5 36. Nf5 Qf6 37. Ne7+ Kh7 38. Qb1+ (38. Qxb5 {simplifies} Qxe7 39. Rd1 g6 40. Qc4) 38... g6 39. Nxg6 Nc3 40. Qa1 Qxg6 41. Qxc3 ({Don't take} 41. Rxc3 Rxd5 42. Rc1 Rd2 $14) 41... Rxd5 42. h3 Rd3 43. Qb4 Qd6 44. Qe4+ (44. Qxd6 {simplifies} Rxd6 45. h4 Kg6 46. Re1) 44... Kg7 45. Qg4+ Qg6 46. Qb4 Qd6 47. Qh4 (47. Qxd6 {simplifies} Rxd6 48. Rc5 Kg6 49. g4) 47... Rd4 48. Qe1 Rd2 49. Qe3 Qd4 50. Qe1 (50. Qxd4+ {simplifies} Rxd4 51. Rc5 Rf4 52. Kg1) 50... Qd6 $1 51. Rb1 (51. Rc6 {keeps more tension.} Qd4 52. Qg3+ Kh7 53. Rc1) 51... Rd4 52. Qc3 Qf6 53. Re1 Rd6 54. Qc7 Rd2 55. Qc4 (55. Re4 {is interesting.} Qd6 56. Rg4+ Kf8 57. Qxd6+ Rxd6 58. Kh2) 55... Qd4 56. Qc7 (56. Qxd4+ {simplifies} Rxd4 57. g4 Rd5 58. Kg2) 56... Qf6 $1 57. Qa5 Qd6 58. Rc1 Qd4 59. Rf1 Qb2 60. Rg1 Qd4 61. Qf5 Qf6 62. Qg4+ (62. Qxf6+ {simplifies} Kxf6 63. Kh2 h5 64. h4) 62... Qg5 63. Qb4 Qe3 64. Qb8 Qg5 65. Qc7 Qd8 66. Qh2 Qd6 67. f4 (67. Qxd6 $16 Rxd6 68. Rc1) 67... Rd3 $11 68. Rf1 Qd5 69. Kg1 1/2-1/2

[Event "Chinese League Division-A 2024"]
[Site "Fuling Chongqing"]
[Date "2024.06.28"]
[Round "3.17"]
[White "Wang, Zihang"]
[Black "Zhao, Jun"]
[Result "0-1"]
[ECO "C55"]
[WhiteElo "2028"]
[BlackElo "2538"]
[Annotator "TA"]
[PlyCount "114"]
[EventDate "2024.06.28"]
[EventType "team-tourn"]
[EventCountry "CHN"]
[SourceTitle "playchess.com"]
[Source "ChessBase"]
[SourceQuality "1"]
[TimeControl "40/5400+30:1800+30"]

1. e4 e5 2. Nf3 Nc6 3. Bc4 Nf6 4. d3 Be7 5. O-O O-O 6. Re1 d6 7. a4 Na5 8. Ba2 {[%emt 0:00:16] C55: Two Knights: 4 d3, 4 d4 exd4 5 e5 and Max Lange Attack.} c5 9. Nc3 Nc6 10. Bg5 Nb4 11. Bc4 Bg4 12. Rc1 Ne8 13. Bxe7 Qxe7 14. h3 Bd7 $146 ({Predecessor:} 14... Be6 15. Ne2 Bxc4 16. dxc4 g6 17. Qd2 Nc6 18. Rcd1 Rd8 19. Nc3 Nb4 20. Nd5 Nxd5 21. cxd5 {½-½ Kiolbasa,O (2318)-Unuk,L (2220) EU-chT U18 Girls 2016 (5.1)}) 15. Nd2 Qg5 16. Re3 Kh8 17. Nf1 f5 18. exf5 Bxf5 19. Ne4 Qd8 20. c3 Nc6 21. Ba2 Nc7 22. Rf3 Qd7 23. Ne3 Bg6 24. Rxf8+ Rxf8 25. Qg4 Qd8 26. Rd1 b6 27. Nd5 Nxd5 28. Bxd5 Ne7 29. Bb3 h6 30. Qe2 Qc7 31. Re1 Qc6 32. Nd2 Nd5 33. g3 (33. Bxd5 $11 Qxd5 34. Ne4) 33... Nf6 $15 34. Ne4 Bh5 35. Qd2 Bf3 36. Bc2 $2 (36. Nxf6 $1 $11 Rxf6 37. d4 exd4 38. cxd4) 36... Qd7 (36... Nh7 $1 $19 {has better winning chances.} 37. Qe3 (37. Bd1 $2 d5 $19) 37... Qd7) 37. Kh2 {[%emt 0:00:29] [#]} (37. Bd1 $17 Bxd1 38. Qxd1) 37... Ng4+ (37... Nh7 $1 $19 {[%mdl 512] Hoping for ...d5.} 38. c4 (38. d4 d5) 38... Bxe4 39. dxe4 Ng5) 38. Kg1 $17 (38. hxg4 $2 Qxg4 $19) 38... d5 (38... Bxe4 $1 $17 39. hxg4 Bf3) 39. hxg4 $2 (39. Nxc5 $1 $11 bxc5 40. hxg4) 39... dxe4 $19 40. Bd1 Bxd1 ({Stronger than} 40... Qxg4 41. Rxe4 Qh5 42. Bxf3 Rxf3 43. Qe2 $14) (40... Qxd3 41. Qxd3 exd3 42. Bxf3 Rxf3 43. Rxe5 $17) ({Black should play} 40... exd3 $19 {Threatens to win with ...Bxd1.} 41. Bxf3 Rxf3 42. Rxe5 Qxg4) 41. Qxd1 exd3 42. Rxe5 d2 43. Re2 (43. g5 $142) 43... Rd8 $1 $19 (43... Qxg4 44. Rxd2 Qe4 45. Qc2 Qxc2 46. Rxc2 $17) 44. f3 Qd5 45. Kf2 c4 46. Re4 Qc5+ 47. Ke2 $2 (47. Kg2) 47... Rd3 $1 $19 48. b3 Qf8 ({Weaker is} 48... Rxc3 49. bxc4 Qd6 (49... Rxc4 50. Rxc4 Qxc4+ 51. Kxd2 $11) 50. Qxd2 Qxd2+ 51. Kxd2 Rxf3 52. Re3 Rf2+ 53. Kc3 $11) 49. Re3 Rd8 50. bxc4 {[%emt 0:00:24] [#]} Qd6 $1 51. Kf2 Qc5 52. Ke2 Qxc4+ 53. Kf2 a5 54. g5 Qc5 55. Ke2 Qxg5 56. Rd3 {[%emt 0:00:55] [#]} (56. Re4 $19 Qxg3 57. Rd4) 56... Rxd3 $1 57. Kxd3 Qxg3 0-1

[Event "Chinese League Division-A 2024"]
[Site "Fuling Chongqing"]
[Date "2024.06.28"]
[Round "3.18"]
[White "Pang, Tao"]
[Black "Shen, Fuyan"]
[Result "1-0"]
[ECO "A11"]
[WhiteElo "2495"]
[BlackElo "1830"]
[Annotator "TA"]
[PlyCount "158"]
[EventDate "2024.06.28"]
[EventType "team-tourn"]
[EventCountry "CHN"]
[SourceTitle "playchess.com"]
[Source "ChessBase"]
[SourceQuality "1"]
[TimeControl "40/5400+30:1800+30"]

1. Nf3 d5 2. e3 Nf6 3. c4 c6 4. Nc3 a6 5. b3 Bg4 6. h3 Bxf3 7. Qxf3 e6 8. Bb2 {[%emt 0:01:56] The position is equal.} Nbd7 9. g4 Bb4 10. cxd5 cxd5 11. Bg2 O-O (11... Ne5 $5 12. Qe2 $8 Nfd7 $11) 12. O-O Rc8 13. Rfc1 h6 14. Qe2 Qe7 15. a3 Bd6 16. b4 {[%emt 0:01:35] Dodges Nc5} b5 17. d3 Nb6 18. Qd1 Rc7 19. Rc2 ({White should try} 19. Ne2 $11) 19... Rfc8 (19... d4 $1 $15 20. exd4 Rfc8) 20. Rac1 $11 d4 21. Ne2 (21. Ne4 $5 Nxe4 22. Bxd4 Nxf2 (22... Rxc2 23. Rxc2 Nxf2 24. Kxf2 $14) 23. Kxf2 $14) 21... dxe3 22. fxe3 Nfd5 23. Rxc7 Rxc7 24. Rxc7 Bxc7 25. Qc1 Qd6 26. Bd4 Nd7 27. Kf2 {[%emt 0:04:30] Active counter play!} Ne5 28. Bxe5 Qxe5 29. Bxd5 exd5 {[%emt 0:00:16][%mdl 4096] Endgame. KQB-KQN} 30. Ke1 g6 31. d4 Qh2 32. Kd2 a5 {[%emt 0:05:11] ...axb4 would now be deadly.} 33. Qc6 axb4 34. axb4 Bd6 35. Qxb5 Qxh3 36. Qb6 Be7 37. Qb8+ Kh7 38. Qb7 Qh4 39. b5 (39. Kd3 $5) 39... Bb4+ 40. Kd3 Qe1 $2 {[%emt 0:00:00][%mdl 8192] Loses the game.} (40... Kg7 $11 {and Black is okay.} 41. Qxd5 Qe1 42. Qe5+ Kh7) 41. Qxf7+ $18 (41. Qxd5 $2 Qb1+ 42. Kc4 Qa2+ 43. Kxb4 Qxd5 $19) 41... Kh8 42. Qe8+ (42. Qxd5 $2 Qb1+ 43. Kc4 Qa2+ 44. Kxb4 Qxd5 $19) 42... Kg7 43. Qd7+ Kh8 (43... Kf6 $142 44. Qd8+ (44. Qxd5 $2 Qb1+ 45. Kc4 Qa2+ 46. Kxb4 Qxd5 $19) 44... Be7 45. Qh8+ (45. Qxd5 Qb1+ 46. Kd2 Bb4+ 47. Nc3 Qb2+ 48. Kd1 Qxc3 $17) 45... Kf7 46. Qh7+ (46. Qxh6 Qb1+ 47. Kd2 Bb4+ 48. Nc3 Qb2+ 49. Kd1 Qxc3 $17) 46... Kf6) 44. Qd8+ (44. Qxd5 $2 Qb1+ 45. Kc4 Qa2+ 46. Kxb4 Qxd5 $19) 44... Kg7 {[%emt 0:00:46][%cal Re1d1] [#]} 45. Qc7+ $1 (45. Qxd5 $2 Qb1+ 46. Kc4 Qa2+ 47. Kxb4 Qxd5 $19) 45... Kf8 {[%emt 0:03:26] [#]} 46. Qc1 {[%emt 0:01:31] Prevents Qd1+. Threatens to win with Qxe1.} Qxc1 (46... Qf2 $142 47. Nf4 Kf7 48. Qc7+ (48. Nxd5 Bd6 $18) 48... Be7) 47. Nxc1 {[%emt 0:00:05] KB-KN} h5 48. gxh5 gxh5 49. Ke2 h4 50. Nd3 h3 51. Kf3 (51. Nxb4 $2 {perishes.} h2 52. Nxd5 h1=Q $19 (52... h1=R $2 53. Kd3 $18)) 51... Bd6 52. Nf4 h2 53. Kg2 (53. Nxd5 {gets mated.} h1=Q+ (53... h1=R $2 54. b6 $19) 54. Ke2 Qxd5 55. b6 Qb5+ 56. Kf3 Qxb6 57. Kf2 Qb2+ 58. Kf3 Qc2 59. d5 Kf7 60. e4 Qd3+ 61. Kf2 Qxe4 (61... Bc5+ {leads to mate.} 62. Kg2 Kg6 63. e5 Kh5 64. Kh2 Kh4 65. Kh1 Qh3#) 62. Kf1 Qf3+ (62... Qxd5 63. Ke2 Bc5 64. Ke1 Qa2 65. Kd1 Bf2 66. Kc1 Be3+ 67. Kd1 Qd2#) 63. Kg1 Qe2 64. Kh1 Qh2#) 53... Ke7 54. Kxh2 Bc7 55. Kg2 Kd6 56. Kf3 Bb6 57. Ke2 Bd8 58. Kd3 Bg5 59. Ne2 Bh6 60. Nc3 (60. b6 $142 Kc6 61. Nc3 Bf8 62. b7 Bd6 63. Ke2 Bc7 64. Kf3 Bh2 65. Kg4) 60... Bg7 61. b6 {[%emt 0:00:47] White mates.} Bf8 62. b7 Kc7 63. Nxd5+ Kxb7 64. e4 Kc6 65. Kc4 Ba3 66. e5 Bf8 67. Ne3 Ba3 68. Kd3 Kd7 69. Ke4 Bb2 70. d5 Ke7 71. Nf5+ Kd7 72. e6+ Ke8 73. d6 Bf6 74. Kd5 Kd8 75. Nd4 Kc8 76. Nc6 Bh4 77. d7+ Kc7 {[%emt 0:00:05] [#]} 78. d8=Q+ $1 Bxd8 79. Nxd8 Kxd8 {[%emt 0:00:05] Weighted Error Value: White=0.08 (flawless) /Black=0.31.  Loses game:     	---       	Black=1      Mistake:       	White=1     	Black=3      Inaccurate:     	White=1     	Black=3      OK:         	White=15    	Black=20     Best:        	White=3     	---        Strong:       	White=1     	---} 1-0

[Event "Chinese League Division-A 2024"]
[Site "Fuling Chongqing"]
[Date "2024.06.28"]
[Round "3.19"]
[White "Zhao, Yunqing"]
[Black "Song, Yuxin"]
[Result "1/2-1/2"]
[ECO "A32"]
[WhiteElo "1986"]
[BlackElo "2383"]
[Annotator "RC"]
[PlyCount "69"]
[EventDate "2024.06.28"]
[EventType "team-tourn"]
[EventCountry "CHN"]
[SourceTitle "playchess.com"]
[Source "ChessBase"]
[SourceQuality "1"]
[TimeControl "40/5400+30:1800+30"]

1. d4 Nf6 2. c4 e6 3. g3 c5 4. Nf3 cxd4 5. Nxd4 Qc7 6. Nc3 a6 7. Qd3 Nc6 8. Nxc6 Qxc6 9. e4 Bc5 10. Be2 b6 11. Bf3 Bb7 12. O-O h5 13. Bg5 Ng4 14. Bf4 f6 15. Qe2 g5 16. Be3 Nxe3 17. fxe3 g4 18. Bg2 Rh6 19. Nd1 Bd6 20. Nf2 Qc7 21. Nd3 Bc6 22. Rad1 Qb7 23. Nf2 Ke7 24. Qd2 Qc7 25. b4 Rg8 26. Nd3 Rg5 27. Qc3 h4 28. Nf4 Qb7 29. Rd2 Re5 30. Nd5+ exd5 31. exd5 Bb5 32. cxb5 axb5 33. Qd4 hxg3 34. hxg3 Qb8 35. Rf4 1/2-1/2

[Event "Chinese League Division-A 2024"]
[Site "Fuling Chongqing"]
[Date "2024.06.28"]
[Round "3.20"]
[White "Li, Xueyi"]
[Black "Du, Yuxin"]
[Result "1-0"]
[ECO "D35"]
[WhiteElo "2209"]
[BlackElo "1960"]
[Annotator "RC"]
[PlyCount "89"]
[EventDate "2024.06.28"]
[EventType "team-tourn"]
[EventCountry "CHN"]
[SourceTitle "playchess.com"]
[Source "ChessBase"]
[SourceQuality "1"]
[TimeControl "40/5400+30:1800+30"]

1. d4 Nf6 2. c4 e6 3. Nf3 d5 4. Nc3 Be7 5. cxd5 exd5 6. Bf4 O-O 7. h3 c6 8. e3 Nbd7 9. Bd3 Re8 10. O-O Nf8 11. Ne5 Ng6 12. Bh2 Nxe5 13. dxe5 Nd7 14. e4 d4 15. Ne2 Nc5 16. f4 b6 17. Kh1 a5 18. f5 Bg5 19. Bc4 Be3 20. Ng3 Qh4 21. e6 fxe6 22. f6 gxf6 23. Nf5 Qg5 24. e5 Ne4 25. exf6 Nxf6 26. Nxe3 dxe3 27. Bf4 Qc5 28. Rc1 Qh5 29. Rf3 Kh8 30. Bxe3 Qg6 31. Qf1 Nd7 32. Rd1 c5 33. Bd3 Qg8 34. Be4 Ba6 35. Qe1 Rad8 36. Rg3 Qf7 37. Bg5 Rc8 38. Rf3 Qg7 39. Rxd7 Qxd7 40. Bf6+ Kg8 41. Qg3+ Kf8 42. Bh4+ Qf7 43. Rxf7+ Kxf7 44. Qf4+ Kg8 45. Qg5+ 1-0

[Event "Chinese League Division-A 2024"]
[Site "Fuling Chongqing"]
[Date "2024.06.28"]
[Round "3.21"]
[White "Chen, Yuan"]
[Black "Chen, Qi b"]
[Result "1/2-1/2"]
[ECO "D35"]
[WhiteElo "2294"]
[BlackElo "2481"]
[Annotator "TA"]
[PlyCount "40"]
[EventDate "2024.06.28"]
[EventType "team-tourn"]
[EventCountry "CHN"]
[SourceTitle "playchess.com"]
[Source "ChessBase"]
[SourceQuality "1"]
[TimeControl "40/5400+30:1800+30"]

1. d4 Nf6 2. c4 e6 3. Nf3 d5 4. Nc3 Nbd7 5. cxd5 exd5 6. Bf4 Nb6 7. e3 Bd6 8. Ne5 O-O 9. Bd3 Re8 10. O-O Nbd7 11. Nxd7 Qxd7 12. Bxd6 Qxd6 13. Qf3 c6 14. a3 Bd7 15. Rfc1 (15. Qg3 {simplifies} Qxg3 16. hxg3 Reb8 17. b4) 15... Rec8 16. Qg3 Ne8 17. Qh4 Nf6 18. Qg3 Ne8 19. Qh4 Nf6 20. Qg3 Ne8 {[%emt 0:00:43] An uneventful encounter.   Weighted Error Value: White=0.10 (very precise) /Black=0.06 (flawless) .  Inaccurate:     	White=2     	Black=1      OK:         	White=5     	Black=5} 1/2-1/2

[Event "Chinese League Division-A 2024"]
[Site "Fuling Chongqing"]
[Date "2024.06.28"]
[Round "3.22"]
[White "Xu, Jun"]
[Black "Xu, Minghui"]
[Result "1/2-1/2"]
[ECO "D37"]
[WhiteElo "2471"]
[BlackElo "2388"]
[Annotator "TA"]
[PlyCount "76"]
[EventDate "2024.06.28"]
[EventType "team-tourn"]
[EventCountry "CHN"]
[SourceTitle "playchess.com"]
[Source "ChessBase"]
[SourceQuality "1"]
[TimeControl "40/5400+30:1800+30"]

1. d4 Nf6 2. c4 e6 3. Nc3 d5 4. Nf3 Nbd7 5. Bf4 dxc4 6. e3 Nb6 {[%emt 0:01:51] [#]} 7. Bxc4 $1 Bd6 8. Bxd6 (8. Bg5 {is interesting.} Nxc4 9. Qa4+ Bd7 10. Qxc4 h6 11. Bh4) 8... cxd6 9. Bd3 Nbd5 10. Nxd5 Nxd5 11. O-O O-O 12. Qd2 b6 13. e4 Ne7 14. Rac1 Bb7 15. Qe2 Rc8 16. Ba6 Bxa6 17. Qxa6 Rxc1 18. Rxc1 Qa8 19. Nd2 Nc6 20. Qa4 Rc8 21. Rc3 h6 22. Qa6 Rc7 23. h3 Qd8 24. Nf3 Ne7 25. Qb5 Kf8 26. Qd3 Kg8 27. Qc2 {[%emt 0:00:39] The position is equal.} Rxc3 28. Qxc3 Qc8 29. Qxc8+ Nxc8 $11 {[%emt 0:00:04][%mdl 4096] Endgame. KN-KN} 30. Kf1 Kf8 31. Ke2 Ne7 32. Ne1 d5 33. f3 dxe4 34. fxe4 f5 35. Kd3 fxe4+ 36. Kxe4 Nd5 37. Nd3 Ke7 38. Nf4 Nf6+ {[%emt 0:00:40] A rather calm draw.   Weighted Error Value: White=0.05 (flawless) /Black=0.05 (flawless) .  Inaccurate:     	White=1     	Black=1      OK:         	White=9     	Black=15} 1/2-1/2